 Dungeon Crawl Stone Soup version 0.28.0 (webtiles) character file.

Game seed: 927430337306448857

74 Dorkslayer the Poker (level 4, 0/37 HPs)
             Began as a Merfolk Fighter on May 5, 2022.
             Slain by a jelly (2 damage)
             ... on level 2 of the Dungeon.
             The game lasted 00:02:41 (917 turns).

Dorkslayer the Poker (Merfolk Fighter)               Turns: 917, Time: 00:02:41

Health: 0/37       AC: -5    Str: 16    XL:     4   Next: 30%
Magic:  4/4        EV:  8    Int:  7    God:
Gold:   33         SH:  5    Dex: 15    Spells: 3/3 levels left

rFire   . . .      SeeInvis .   a - +0 trident
rCold   . . .      Faith    .   c - +0 buckler
rNeg    . . .      Spirit   .   b - +0 scale mail
rPois   .          Reflect  .   (no helmet)
rElec   .          Harm     .   (no cloak)
rCorr   .          Rampage  .   (no gloves)
Will    .....                   (no boots)
Stlth   ..........              (no amulet)
HPRegen 0.12/turn               (no ring)
MPRegen 0.09/turn               (no ring)

@: mighty, corroded
A: (nimble swimmer 2), mertail
a: no special abilities


You were on level 2 of the Dungeon.
You visited 1 branch of the dungeon, and saw 2 of its levels.

You collected 33 gold pieces.

Inventory:

Hand Weapons
 a - a +0 trident (weapon)
Armour
 b - a +0 scale mail (worn)
 c - a +0 buckler (worn)
Potions
 e - a potion of lignification {unknown}


   Skills:
 + Level 3.8 Fighting
 + Level 4.8 Polearms
 + Level 2.6 Armour
 + Level 0.2 Dodging
 + Level 3.2 Shields


You had 3 spell levels left.
You didn't know any spells.
Your spell library contained the following spells:

 Spells                   Type           Power      Damage    Failure   Level
 Static Discharge         Conj/Air       0%         N/A       97%         2
 Dispel Undead            Necr           0%         3d6       100%        4
 Sticky Flame             Conj/Fire      0%         2d3       100%        4


Dungeon Overview and Level Annotations

Branches:
Dungeon (2/15)

Altars:


Innate Abilities, Weirdness & Mutations

((You are very nimble when in or above water. (Stealth+, EV+, Speed+++)))
Your lower body shifts to a powerful aquatic tail in water.


Message History

There is an open door here.
You hit the jelly.
Your hands burn!
The jelly is moderately wounded.
The jelly barely misses you.
The endoplasm hits the toadstool.
The toadstool is destroyed!
The endoplasm hits the toadstool.
You feel very mighty all of a sudden. The jelly barely misses you.
You puncture the jelly!
You kill the jelly!
You have reached level 4!
You puncture the endoplasm!
You kill the endoplasm!
The endoplasm jiggles.
The endoplasm hits you.
There is an open door here.
Something hits the fungus.
The fungus begins to die.
You puncture the endoplasm!
You kill the endoplasm!
Something hits the toadstool.
Something hits the fungus.
Something hits the toadstool but does no damage.
You puncture the endoplasm!
You kill the endoplasm!
Something hits the fungus.
Something hits the toadstool.
The toadstool is destroyed!
You puncture the jelly! The acid corrodes you!
Your hands burn!
The jelly is heavily wounded.
The jelly hits you. The acid corrodes you!
You are splashed with acid!
You hit the jelly. The acid corrodes you!
Your hands burn!
The jelly is severely wounded.
A nearby fungus withers and dies.
The jelly closely misses you.
You hit the jelly.
Your hands burn!
The jelly is severely wounded.
The jelly hits you.
You are splashed with acid!
* * * LOW HITPOINT WARNING * * *
You hit the jelly. The acid corrodes you!
Your hands burn!
* * * LOW HITPOINT WARNING * * *
The jelly is almost dead.
The jelly hits you.
You die...

...... ..... .....
####### #....
#.....J########## #....
#÷P÷..JJ##......#####.#.#
#..÷...#@#.......##......
#P...JJ#.#........'..#...
#....JJ#)#.......)'......
#÷P.P..#.#'#....(.'.##.†#
#....÷.#.#.#....)##.##..#
#÷PPP..#.#.#....######..#
#[..÷..##.####### #...
### #.#. #...


You could see a jelly and 2 endoplasms.

Vanquished Creatures
  A jelly (D:2)
  An adder (D:2)
  4 endoplasms
  2 giant cockroaches
  2 goblins (D:1)
  2 hobgoblins (D:1)
  10 kobolds
  5 ball pythons (D:1)
  5 frilled lizards (D:1)
  2 rats
34 creatures vanquished.

Vanquished Creatures (others)
  3 fungi (D:2)
  5 toadstools (D:2)
8 creatures vanquished.

Grand Total: 42 creatures vanquished

Notes
Turn   | Place    | Note
-------+----------+-------------------------------------------
     0 | D:1      | Dorkslayer the Merfolk Fighter began the quest for the Orb.
     0 | D:1      | Reached XP level 1. HP: 18/18 MP: 1/1
   104 | D:1      | Reached XP level 2. HP: 24/24 MP: 2/2
   279 | D:1      | Found a faded altar of an unknown god.
   740 | D:2      | Reached skill level 4 in Polearms
   740 | D:2      | Reached XP level 3. HP: 29/29 MP: 3/3
   904 | D:2      | Reached XP level 4. HP: 35/37 MP: 4/4
   917 | D:2      | Slain by a jelly

Illustrated notes

Levels and vault maps discovered:
D:1:      lemuel_arrival_rhombus, layout_loops_ring,
          chequers_ecumenical_altar_simple
D:2:      cheibrodos_fertilizer, layout_loops_ring, basic_altar

Skill      XL: |  1  2 |
---------------+-------+-----
Polearms       | 4 |  4.8
Fighting       | |  3.8
Armour         | |  2.6
Dodging        | |  0.2
Shields        | |  3.2

Action                   |  1- 3 |  4- 6 || total
-------------------------+-------+-------++-------
Melee: Trident           |    68 |     7 ||    75
  Use: Potion            |     1 |       ||     1
Armor: Scale mail        |    27 |       ||    27
Dodge: Dodged            |    20 |     1 ||    21
Block: Buckler           |    14 |       ||    14
